[Event "44th Chess Olympiad Women 2022"]
[Site "Chennai"]
[Date "2022.08.05"]
[Round "7.59"]
[White "Jonet, Davena"]
[Black "Sisior, Angelil"]
[Result "1-0"]
[WhiteElo "1458"]
[BlackElo "1488"]
[Annotator "NA"]
[PlyCount "89"]
[EventDate "2022.??.??"]
[TimeControl "60"]

1. e4 c5 2. Bc4 g6 3. Nf3 Bg7 4. d3 Nf6 5. O-O O-O 6. Nc3 Nc6 7. Be3 b6 8. Qd2 Bb7 9. Rfe1 Ng4 10. Bf4 Nce5 11. Nxe5 Nxe5 12. Bd5 Bxd5 13. Nxd5 e6 14. Ne3 Qh4 15. Bg3 Qh5 16. c3 Bh6 17. f4 Ng4 18. Qe2 Nxe3 19. Qxh5 gxh5 20. Rxe3 h4 21. Bxh4 Bxf4 22. Rf3 Be5 23. Raf1 f5 24. exf5 Bf6 25. Bxf6 Rxf6 26. fxe6 Rxe6 27. Rg3+ Rg6 28. Rxg6+ hxg6 29. Rf4 Re8 30. Kf2 Kg7 31. Re4 Rxe4 32. dxe4 Kf6 33. Kf3 Ke5 34. h4 a5 35. g4 d6 36. a4 d5 37. exd5 Kxd5 38. Kf4 Kc4 39. h5 gxh5 40. gxh5 Kb3 41. h6 Kxa4 42. h7 b5 43. h8=Q b4 44. Qg8 bxc3 45. Qc4# 1-0

[Event "44th Chess Olympiad Women 2022"]
[Site "Chennai"]
[Date "2022.08.05"]
[Round "7.59"]
[White "Magno, Angelica"]
[Black "Seine, Rose Berline"]
[Result "0-1"]
[WhiteElo "1211"]
[BlackElo "1679"]
[Annotator "NA RC"]
[PlyCount "74"]
[EventDate "2022.??.??"]
[TimeControl "60"]

1. d4 d5 2. Nf3 Nf6 3. c4 e6 4. Nc3 Be7 5. Bg5 O-O 6. e3 Nbd7 7. Bd3 dxc4 8. Bxc4 a6 9. O-O b5 10. Bd3 Bb7 11. Re1 h6 12. Bf4 Nh5 13.
Bg3 Nxg3 14. fxg3 c5 15. Rc1 Nf6 16. Qc2 Rc8 17. Be2 Bxf3 18.
gxf3 cxd4 19. Red1 b4 20. Rd2 Qb6 21. Rxd4 Qa5 22. Qa4 Qxa4 23. Nxa4 Rxc1+ 24.
Kf2 a5 25. f4 Rd8 26. Rxd8+ Bxd8 27. b3 Rc2 28. Kf3 Nd5 29. h4 Nc3 30. Bd3 Rd2 31. Ba6 Nxa4 32. bxa4 Rxa2 33. Bb5 Ra3 34. Ke4 Bb6 35. f5 Rxe3+ 36. Kf4 e5+ 37. Kg4 b3 0-1

[Event "44th Chess Olympiad Women 2022"]
[Site "Chennai"]
[Date "2022.08.05"]
[Round "7.59"]
[White "Sisior, Destiny"]
[Black "Cadeau, Merisena"]
[Result "1-0"]
[WhiteElo "1298"]
[BlackElo "1439"]
[Annotator "NA RC"]
[PlyCount "113"]
[EventDate "2022.??.??"]
[TimeControl "60"]

1. e4 e5 2. Nc3 Nf6 3. Nf3 Nc6 4. Bc4 Bc5 5. h3 d6 6. d3 Be6 7. Bb5 h6 8. d4 exd4 9. Nxd4 Bd7 10. Bxc6 Bxc6 11. Nf5 O-O 12. O-O Nxe4 13. Nxh6+ Kh7 14. Nxe4 Bxe4 15. Qd2 gxh6 16. Qxh6+ Kg8 17. c3 Qd7 18. Bg5 Qf5 19. Kh1 Bd3 20. Rfd1 Bxf2 21. Rd2 Bg3 22. Bf6 Qh7 23. Qg5+ Qg6 24. Rxd3 Qxg5 25. Bxg5 Be5 26. Rf1 f6 27. Bf4 Rf7 28. g3 Kg7 29. Kg2 Re8 30. Re1 Ree7 31. Rde3 Kg6 32. Kf3 Rh7 33. h4 Rd7 34. R1e2 c5 35. Rd3 Rhe7 36. Red2 Bxf4 37. Kxf4 Re6 38. h5+ Kxh5 39. Kf5 Re5+ 40. Kxf6 Kg4 41. a4 a5 42. Rh2 Rh5 43. Rxh5 Kxh5 44. Ke6 Rg7 45. Kxd6 c4 46. Rd5+ Kg4 47. Rxa5 Kxg3 48. Rb5 Kf4 49. Rd5 Rg6+ 50. Kc5 Rc6+ 51. Kb5 Ke4 52. Rd4+ Ke5 53. Rd7 Ke6 54. Rxb7 Kd6 55. Kb4 Rc8 56. a5 Ra8 57. Kb5 1-0

[Event "44th Chess Olympiad Women 2022"]
[Site "Chennai"]
[Date "2022.08.05"]
[Round "7.60"]
[White "Nosimilo, Mkhonto"]
[Black "Farrugia, Jamie"]
[Result "0-1"]
[WhiteElo "1313"]
[BlackElo "1547"]
[Annotator "NA"]
[PlyCount "74"]
[EventDate "2022.??.??"]
[TimeControl "60"]

1. e4 e5 2. Nf3 Nc6 3. Bc4 Bc5 4. c3 Nf6 5. d3 d6 6. Bb3 Bg4 7. Nbd2 Qe7 8. h3 Bh5 9. Nf1 Qd7 10. Ng3 Bg6 11. O-O O-O-O 12. Re1 Nh5 13. Nxh5 Bxh5 14. Be3 f5 15. exf5 Qxf5 16. g4 Bxg4 17. hxg4 Qxg4+ 18. Kf1 Qh3+ 19. Ke2 Rhf8 20. Ng1 Qg2 21. Rf1 Rf6 22. Qe1 Ne7 23. Kd2 e4 24. d4 Bb6 25. Qe2 Nf5 26. Rae1 Rdf8 27. Bd1 Nxe3 28. Kxe3 Qg5+ 29. f4 exf3+ 30. Kd3 fxe2 31. Bxe2 Rxf1 32. Rxf1 Rxf1 33. Bxf1 Qxg1 34. Be2 g5 35. c4 Bxd4 36. b4 Qe3+ 37. Kc2 Qxe2+ 0-1

[Event "44th Chess Olympiad Women 2022"]
[Site "Chennai"]
[Date "2022.08.05"]
[Round "7.60"]
[White "Stagno, Milena"]
[Black "Nomcebo, Sibisi"]
[Result "1-0"]
[WhiteElo "1448"]
[BlackElo "1225"]
[Annotator "NA RC"]
[PlyCount "120"]
[EventDate "2022.??.??"]
[TimeControl "60"]

1. e4 g6 2. d4 d6 3. Nf3 Bg7 4. Nc3 Nf6 5. h3 a6 6. Be3 b5 7. a3 Nbd7 8. Bd3 O-O 9. e5 Ne8 10. Be4 Rb8 11. Qd2 Bb7 12. Bxb7 Rxb7 13. e6 Nb6 14. Ng5 Nc4 15. exf7+ Rxf7 16. Nxf7 Kxf7 17. Qe2 Nxe3 18. fxe3 d5 19. Qf3+ Nf6 20. Rf1 Kg8 21. g4 c6 22. h4 e6 23. g5 Nh5 24. Ne2 e5 25. dxe5 Bxe5 26. Nd4 Qe8 27. Ne6 Rf7 28. Qxf7+ Qxf7 29. Rxf7 Kxf7 30. Nd8+ Ke8 31. Nxc6 Bxb2 32. Rd1 Kd7 33. Nb8+ Ke6 34. Nxa6 Bxa3 35. Nc7+ Kf5 36. Rxd5+ Kg4 37. Rd4+ Kf5 38. Nxb5 Bc1 39. Kf2 Ke6 40. c4 Ng7 41. e4 Bb2 42. Rd5 Ne8 43. c5 Bc1 44. Kf3 h6 45. c6 hxg5 46. hxg5 Bxg5 47. Rxg5 Ke7 48. Rxg6 Kd8 49. Rg8 Ke7 50. c7 Nxc7 51. Nxc7 Kd7 52. Nd5 Ke6 53. Kf4 Kf7 54. Ra8 Ke6 55. Ra6+ Kf7 56. Kg5 Ke8 57. Ra7 Kd8 58. e5 Ke8 59. Kf6 Kd8 60. e6 Kc8 1-0

[Event "44th Chess Olympiad Women 2022"]
[Site "Chennai"]
[Date "2022.08.05"]
[Round "7.60"]
[White "Thornton, Filipina"]
[Black "Nkwanyane Nolwazi"]
[Result "1-0"]
[WhiteElo "1661"]
[BlackElo "1158"]
[Annotator "NA RC"]
[PlyCount "107"]
[EventDate "2022.??.??"]
[TimeControl "60"]

1. d4 Nf6 2. c4 g6 3. Nc3 d6 4. e4 Bg7 5. Nf3 O-O 6. Be2 Nbd7 7. O-O e5 8. d5 h6 9. b4 a6 10. Qc2 Nh7 11. Be3 f5 12. exf5 Rxf5 13. Bd3 Rf8 14. Bxg6 Ndf6 15. Rad1 Bg4 16. Qe2 Bh5 17. Bxh5 Nxh5 18. Ne4 N7f6 19. Nfd2 Qd7 20. h3 Nxe4 21. Nxe4 Nf4 22. Qd2 Qf7 23. c5 Qg6 24. Bxf4 Rxf4 25. f3 Raf8 26. Qe2 R8f5 27. Kh2 Rf8 28. cxd6 cxd6 29. Rc1 h5 30. Rc7 R8f7 31. Rxf7 Rxf7 32. Rc1 Bh6 33. Rc8+ Kg7 34. Rd8 Rc7 35. Rxd6 Bf4+ 36. Kg1 Rc1+ 37. Kf2 Bg3+ 38. Ke3 Bf4+ 39. Kd3 Qe8 40. Rb6 Qc8 41. Nc5 Rxc5 42. bxc5 Qxc5 43. Rxb7+ Kf6 44. Qe4 Qf2 45. Kc3 Qd2+ 46. Kb3 Qd1+ 47. Kb4 Qd2+ 48. Kc5 Qc3+ 49. Kd6 Qa3+ 50. Kc7 Qe7+ 51. Kb8 Qd8+ 52. Ka7 Bg3 53. Rb6+ Kg5 54. Rg6# 1-0

[Event "44th Chess Olympiad Women 2022"]
[Site "Chennai"]
[Date "2022.08.05"]
[Round "7.61"]
[White "Al Balushi, Mariya"]
[Black "Shariff, Sasha Christina"]
[Result "0-1"]
[WhiteElo "1660"]
[BlackElo "1183"]
[Annotator "NA"]
[PlyCount "56"]
[EventDate "2022.??.??"]
[TimeControl "60"]

1. e4 e5 2. Nf3 Nc6 3. Bb5 Nf6 4. d3 d6 5. h3 Bd7 6. c3 a6 7. Ba4 b5 8. Bb3 Be6 9. Ng5 Bxb3 10. Qxb3 d5 11. O-O h6 12. Nf3 dxe4 13.
dxe4 Nxe4 14. Re1 Nc5 15. Qc2 Bd6 16. Bf4 Qf6 17. b4 Qxf4 18.
bxc5 Bxc5 19. Re4 Qf6 20. Nbd2 O-O 21. c4 Qd6 22. Rd1 Rad8 23.
cxb5 axb5 24. Qb2 f5 25. Re2 e4 26. Ne1 Nd4 27. Nb1 Nxe2+ 28. Qxe2 Qxd1 0-1

[Event "44th Chess Olympiad Women 2022"]
[Site "Chennai"]
[Date "2022.08.05"]
[Round "7.61"]
[White "Johnson, Nellisha"]
[Black "Al Bulushi, Rawan"]
[Result "0-1"]
[WhiteElo "1093"]
[BlackElo "1442"]
[Annotator "NA RC"]
[PlyCount "74"]
[EventDate "2022.??.??"]
[TimeControl "60"]

1. e4 c5 2. Nf3 d6 3. Nc3 Nf6 4. h3 Nc6 5. d4 cxd4 6. Nxd4 e5 7. Nf3 Be7 8. Bc4 a6 9. O-O O-O 10. Re1 Na5 11. Bd5 Rb8 12. Bg5 Nxd5 13. Bxe7 Nxe7 14. Ne2 Ng6 15. Qd3 Be6 16. b3 d5 17. c3 dxe4 18. Qxe4 Bd5 19. Qe3 Qf6 20. Nh2 Nc6 21. Rad1 Be6 22. Rd3 Nf4 23. Rd2 Nxe2+ 24. Rexe2 Rfd8 25. Nf3 Rxd2 26. Rxd2 Qf4 27. Qe1 Bxh3 28. Qd1 Bg4 29. g3 Qxf3 30. Qxf3 Bxf3 31. Rd3 e4 32. Rd7 Rd8 33. Rxd8+ Nxd8 34. Kf1 h5 35. Ke1 g5 36. Kd2 h4 37. gxh4 gxh4 0-1

[Event "44th Chess Olympiad Women 2022"]
[Site "Chennai"]
[Date "2022.08.05"]
[Round "7.61"]
[White "Lam, Pooja"]
[Black "Al Ghafri, Alanoud"]
[Result "0-1"]
[WhiteElo "1163"]
[BlackElo "1259"]
[Annotator "NA"]
[PlyCount "86"]
[EventDate "2022.??.??"]
[TimeControl "60"]

1. d4 Nf6 2. Nf3 e6 3. c4 b6 4. g3 Bb7 5. Bg2 Bb4+ 6. Bd2 Be7 7. Nc3 O-O 8. O-O d5 9. cxd5 Nxd5 10. Rc1 Nd7 11. Re1 c5 12. dxc5 Nxc5 13. Nxd5 Bxd5 14. b3 Rc8 15. Bc3 h6 16. Ne5 Ne4 17. Bb2 Bf6 18. f3 Ng5 19. e4 Ba8 20. Rxc8 Qxc8 21. Nd7 Bxb2 22. Nxf8 Kxf8 23. Re2 Bf6 24. f4 Nh7 25. e5 Bxg2 26. Rxg2 Be7 27. Rc2 Qd8 28. Rd2 Qc7 29. Rc2 Qd8 30. Rd2 Qc8 31. Rd7 Bc5+ 32. Kg2 Qc6+ 33. Kh3 g5 34. Rd3 gxf4 35. gxf4 Qe4 36. Rd8+ Kg7 37. Qg4+ Qg6 38. Qxg6+ Kxg6 39. Rg8+ Kf5 40. Rh8 Kg6 41. Rg8+ Kf5 42. Rh8 Nf8 43. Rxf8 Bxf8 0-1

[Event "44th Chess Olympiad Women 2022"]
[Site "Chennai"]
[Date "2022.08.05"]
[Round "7.62"]
[White "Seder, Randa"]
[Black "Acham, Meritza"]
[Result "1/2-1/2"]
[WhiteElo "1442"]
[BlackElo "1397"]
[Annotator "NA"]
[PlyCount "79"]
[EventDate "2022.??.??"]
[TimeControl "60"]

1. e4 c5 2. Nf3 d6 3. Bb5+ Nd7 4. c3 a6 5. Bxd7+ Bxd7 6. d4 Qc7 7. Bf4 Nf6 8. Nbd2 e6 9. O-O Be7 10. Re1 O-O 11. h3 b5 12. Rc1 Qb7 13.
Bxd6 Bxd6 14. e5 Be7 15. exf6 gxf6 16. Ne4 c4 17. Nfd2 Qd5 18. Qg4+ Kh8 19. Qh4 Rg8 20. Re3 Rg6 21. Rg3 Rag8 22. Rxg6 Rxg6 23. Re1 Bd8 24. Nf3 Qa8 25. Kf1 f5 26. Neg5 Bxg5 27. Nxg5 Qg8 28. Nxh7 Qxh7 29. Qd8+ Qg8 30. Qxd7 Rxg2 31.
Qe7 Rg6 32. d5 Rg1+ 33. Ke2 Rxe1+ 34. Kxe1 exd5 35. Qe5+ Qg7 36. Qxf5 d4 37. Qc8+ Kh7 38. Qf5+ Kg8 39. Qc8+ Kh7 40. Qf5+ 1/2-1/2

[Event "44th Chess Olympiad Women 2022"]
[Site "Chennai"]
[Date "2022.08.05"]
[Round "7.63"]
[White "Garcia, Andrea Nicole"]
[Black "Makda Araya Fessehaye"]
[Result "1-0"]
[WhiteElo "1631"]
[BlackElo "1242"]
[Annotator "NA RC"]
[PlyCount "103"]
[EventDate "2022.??.??"]
[TimeControl "60"]

1. e4 d5 2. exd5 Qxd5 3. Nc3 Qd6 4. Nf3 Nf6 5. h3 b6 6. Bc4 Bb7 7. Qe2 Nc6 8. Nb5 Qd7 9. Ne5 Nxe5 10. Qxe5 Rc8 11. f3 e6 12. Nxa7 Ra8 13. Nb5 Nd5 14. Nc3 Bd6 15. Qxg7 Ke7 16. Nxd5+ Bxd5 17. Qg5+ Kf8 18. Qh6+ Ke7 19. d3 Bg3+ 20. Ke2 Bxc4 21. Qg5+ Ke8 22. Qxg3 Bd5 23. a3 h6 24. Qe5 Ke7 25. Bf4 Rac8 26. Bg3 Rhg8 27. Bh4+ Kf8 28. Rhg1 Qb5 29. Qc3 c5 30. a4 Qc6 31. Qd2 Rg6 32. c4 Rxg2+ 33. Rxg2 Bxf3+ 34. Kf2 Bxg2 35. Qxh6+ Ke8 36. Qh8+ Kd7 37. Qf6 Kc7 38. Qe5+ Kb7 39. Qe3 Rg8 40. Rg1 Qd6 41. Rxg2 Rxg2+ 42. Kxg2 Qf8 43. Bg3 Qg7 44. Qe5 Qg8 45. Qc7+ Ka6 46. Qb8 Qxb8 47. Bxb8 Ka5 48. h4 Kxa4 49. h5 b5 50. cxb5 Kxb5 51. h6 f6 52. h7 1-0

[Event "44th Chess Olympiad Women 2022"]
[Site "Chennai"]
[Date "2022.08.05"]
[Round "7.64"]
[White "Aishath Alya Mohamed Shareef"]
[Black "Ali, Amy"]
[Result "0-1"]
[WhiteElo "1110"]
[BlackElo "1361"]
[Annotator "NA RC"]
[PlyCount "120"]
[EventDate "2022.??.??"]
[TimeControl "60"]

1. d4 d5 2. Bf4 c5 3. e3 Nc6 4. Nf3 Bg4 5. c3 Nf6 6. Be2 e6 7. Nbd2 Be7 8.
Ne5 Bxe2 9. Qxe2 O-O 10. g4 Nd7 11. Nxd7 Qxd7 12. h4 Bd6 13.
Bxd6 Qxd6 14. f4 cxd4 15. cxd4 Qb4 16. Rb1 Rac8 17. a3 Qd6 18. g5 Ne7 19. Qd3 Qa6 20. Qb3 Rc7 21. Kf2 Rfc8 22. Kf3 Rc2 23. Rbd1 Nf5 24. h5 h6 25. gxh6 Nxh6 26. Rhe1 Nf5 27. Nf1 Nd6 28. Rd2 Rxd2 29. Nxd2 Ne4 30. Nxe4 dxe4+ 31. Kxe4 Qc6+ 32. Kd3 Qf3 33. Qd1 Qc6 34. Rg1 Qb5+ 35. Ke4 Qd5+ 36. Kd3 Qb5+ 37. Ke4 Qd5+ 38. Kd3 Qb5+ 39. Ke4 Qf5+ 40. Kf3 Qxh5+ 41. Ke4 Qf5+ 42. Kf3 Qh5+ 43. Rg4 Qh3+ 44. Kf2 Qh5 45. Qg1 Rc2+ 46. Kf3 Rxb2 47. Qc1 Qh3+ 48. Rg3 Qh5+ 49. Ke4 Qd5+ 50. Kd3 Qb3+ 51. Qc3 Qb5+ 52. Ke4 Qd5+ 53. Kd3 Rb3 54. Rg5 Rxc3+ 55. Kxc3 Qh1 56. Rc5 Qc1+ 57. Kb4 Qxe3 58. Rc8+ Kh7 59. Rc4 Qxf4 60. d5 Qd6+ 0-1

[Event "44th Chess Olympiad Women 2022"]
[Site "Chennai"]
[Date "2022.08.05"]
[Round "7.64"]
[White "James, Shemilah"]
[Black "Abdul Rasheed, Mariyam Laisa"]
[Result "0-1"]
[WhiteElo "1590"]
[BlackElo "1145"]
[Annotator "NA RC"]
[PlyCount "141"]
[EventDate "2022.??.??"]
[TimeControl "60"]

1. e4 c5 2. Nf3 d6 3. d4 cxd4 4. Nxd4 Nf6 5. Nc3 g6 6. Be3 Bg7 7. f3 Nc6 8. Qd2 Bd7 9. O-O-O O-O 10. g4 Rc8 11. h4 Ne5 12. h5 Qa5 13.
Nb3 Qc7 14. Be2 Nc4 15. Bxc4 Qxc4 16. hxg6 fxg6 17. Bh6 Bxh6 18. Qxh6 b5 19. e5 dxe5 20. Nd2 Qc7 21. Nde4 Rf7 22. Kb1 b4 23. Nxf6+ exf6 24. Nd5 Qxc2+ 25. Ka1 Qc6 26. Nxb4 Qxf3 27. g5 Qf4 28. Nd3 Qxg5 29. Qxg5 fxg5 30. Nxe5 Rf2 31. Rxd7 Re8 32. Nc6 Rfe2 33. Rhd1 g4 34. a4 Re1 35. Rd8 Rxd1+ 36. Rxd1 a6 37. Rg1 h5 38. b3 Kf7 39. Nd4 Re4 40. Nc2 h4 41. Kb2 g3 42. Kc3 Ke6 43.
Kd3 Ke5 44. b4 Rg4 45. Re1+ Kd6 46. Ke3 g5 47. Rd1+ Ke5 48. Kf3 Rf4+ 49. Ke3 h3 50. Ne1 Re4+ 51. Kf3 g2 52. Nd3+ Kf5 53. Nf2 g4+ 54. Kg3 Rxb4 55. Nxh3 gxh3 56. Kxh3 Rxa4 57. Kxg2 Ke4 58. Kg3 Ke3 59. Rd8 Rd4 60. Ra8 Rd6 61. Rb8 Kd4 62. Kf3 a5 63. Rb1 Kc3 64. Ra1 Ra6 65.
Ke3 a4 66. Ra3+ Kb2 67. Rd3 a3 68. Rd2+ Kc1 69. Ra2 Kb1 70.
Rh2 a2 71. Kd4 0-1

[Event "44th Chess Olympiad Women 2022"]
[Site "Chennai"]
[Date "2022.08.05"]
[Round "7.64"]
[White "Mohammed, Celine Angelina"]
[Black "Kiyan Mohamed, Usamath"]
[Result "0-1"]
[WhiteElo "1100"]
[BlackElo "1100"]
[Annotator "NA RC"]
[PlyCount "140"]
[EventDate "2022.??.??"]
[TimeControl "60"]

1. e4 e5 2. Nf3 Nc6 3. Nc3 Nf6 4. a3 a6 5. d4 exd4 6. Nxd4 Ne5 7. f4 Nc6 8. e5 Ng8 9. Nxc6 bxc6 10. Bd3 Bc5 11. Qh5 Qe7 12. Qf3 Nh6 13.
Be3 O-O 14. Qe4 g6 15. O-O d5 16. Nxd5 Bxe3+ 17. Nxe3 Qc5 18. Kh1 Re8 19. Nc4 Bf5 20. Qe3 Qd5 21. Qf3 Qc5 22. Rad1 Bg4 23. Qg3 Bxd1 24. Rxd1 Rad8 25. Qf3 Nf5 26. g3 Nd4 27. Qf2 Qd5+ 28. Kg1 Nf5 29. Qd2 Qc5+ 30. Kf1 Rd7 31. b4 Qxc4 32. Bxc4 Rxd2 33. Rxd2 Ne3+ 34. Ke2 Nxc4 35. Rd7 Rc8 36. Rd3 Kf8 37. Rc3 Nb6 38. Rxc6 Ke7 39. c4 Kd7 40. b5 axb5 41. cxb5 Ra8 42. Rc3 Ra5 43. Rb3 Nc4 44. Rb4 Nxa3 45. b6 cxb6 46. Rxb6 h5 47. Rd6+ Ke7 48. Rd1 g5 49. Ra1 Ke6 50. Kf3 g4+ 51. Kg2 Nc4 52. Re1 Ra2+ 53. Kg1 Nd2 54. Rc1 Nf3+ 55. Kf1 Nxh2+ 56. Ke1 h4 57. Rc6+ Kd5 58. Rf6 hxg3 59. Rd6+ Ke4 60. Rd2 Rxd2 61. Kxd2 g2 62. f5 g1=Q 63. e6 Qe3+ 64. Kc2 fxe6 65. fxe6 Kd4 66. e7 Qxe7 67. Kb3 g3 68. Ka4 Qb7 69. Ka3 Kc3 70. Ka2 Qb2# 0-1

[Event "44th Chess Olympiad Women 2022"]
[Site "Chennai"]
[Date "2022.08.05"]
[Round "7.64"]
[White "Nihaya, Ahmed"]
[Black "La Fleur, Zara"]
[Result "0-1"]
[WhiteElo "1233"]
[BlackElo "1513"]
[Annotator "NA"]
[PlyCount "92"]
[EventDate "2022.??.??"]
[TimeControl "60"]

1. e4 e5 2. Nf3 Nc6 3. Bc4 Bc5 4. c3 Nf6 5. d3 d6 6. h3 O-O 7. Nbd2 Bb6 8. Bb3 Be6 9. Nf1 Ne7 10. Ng3 Ng6 11. O-O c6 12. Be3 Re8 13.
Ng5 Bxb3 14. axb3 d5 15. Qe2 h6 16. Nf3 Nf4 17. Qc2 N6h5 18.
Nf5 Qf6 19. Bxb6 axb6 20. Kh2 Ne6 21. g3 g6 22. N5h4 Ng5 23.
Ng1 Rad8 24. Qe2 dxe4 25. dxe4 Nf4 26. Qe3 Rd3 27. Qe1 Qe6 28. g4 Ngxh3 29. f3 Nxg1 30. Kxg1 Red8 31. Ng2 Nxg2 32. Kxg2 Qxb3 33. Rf2 Kg7 34. Re2 Qe6 35. Qf2 Qf6 36. Rf1 Qf4 37. Qxb6 Rd2 38. Ref2 R8d3 39. Rxd2 Rxd2+ 40. Rf2 h5 41. Rxd2 Qxd2+ 42. Kh3 hxg4+ 43. fxg4 Qd3+ 44. Kh4 g5+ 45. Kxg5 Qd2+ 46. Kh4 Qh2+ 0-1

[Event "44th Chess Olympiad Women 2022"]
[Site "Chennai"]
[Date "2022.08.05"]
[Round "7.65"]
[White "Mpinganjira, Ellen"]
[Black "Almusawi, Maram"]
[Result "0-1"]
[WhiteElo "1334"]
[BlackElo "1349"]
[Annotator "NA RC"]
[PlyCount "66"]
[EventDate "2022.??.??"]
[TimeControl "60"]

1. e4 c6 2. d4 d5 3. exd5 cxd5 4. Nf3 Nf6 5. Be2 Bf5 6. Bg5 e6 7. O-O Be7 8. Nbd2 O-O 9. Re1 Nc6 10. Nf1 Bg4 11. c3 Re8 12. Ng3 Nh5 13.
Bxe7 Qxe7 14. Nh1 Nf4 15. Bf1 Qf6 16. Be2 Nxe2+ 17. Qxe2 e5 18. h3 Bxf3 19. Qxf3 Qxf3 20. gxf3 exd4 21. Rxe8+ Rxe8 22. cxd4 Nxd4 23. Kg2 Re2 24. b3 Rd2 25. Ng3 g6 26. Nf1 Rd3 27. Ne3 Ne2 28. h4 d4 29. Nc4 Rc3 30. Rd1 Rc1 31. Rd2 d3 32. Ne5 Rc2 33.
Rxc2 dxc2 0-1

[Event "44th Chess Olympiad Women 2022"]
[Site "Chennai"]
[Date "2022.08.05"]
[Round "7.66"]
[White "Yavo Tchetche, Marie"]
[Black "Nepando, Jolly"]
[Result "1-0"]
[WhiteElo "1313"]
[BlackElo "1389"]
[Annotator "NA"]
[PlyCount "95"]
[EventDate "2022.??.??"]
[TimeControl "60"]

1. d4 d5 2. Bf4 Nf6 3. h3 e6 4. Nf3 Nc6 5. e3 a6 6. a3 Bd6 7. Bxd6 Qxd6 8. Bd3 O-O 9. O-O e5 10. dxe5 Nxe5 11. Be2 c5 12. c4 Rd8 13. cxd5 Nxd5 14. e4 Nxf3+ 15. Bxf3 Nf4 16. Nc3 Rb8 17. Qxd6 Rxd6 18. Rfd1 Rxd1+ 19. Rxd1 Be6 20. Nd5 Ng6 21. Nc7 Bb3 22. Rd3 c4 23. Rd6 Ne5 24. Be2 h6 25. f4 Nc6 26. Nd5 Rd8 27. Rxd8+ Nxd8 28. Kf2 Ne6 29. Ke3 Kf8 30. Nb6 Nc5 31. Nxc4 b5 32. Na5 Bc2 33. e5 Na4 34. b4 Bg6 35. Kd4 Ke7 36. Bf3 Nb2 37. Bb7 Nd3 38.
g3 Nf2 39. h4 Ne4 40. Bxe4 Bxe4 41. Kxe4 Ke6 42. f5+ Kd7 43. Kd5 h5 44. e6+ fxe6+ 45. fxe6+ Ke7 46. Nc6+ Ke8 47. Kd6 g6 48. Nb8 1-0

[Event "44th Chess Olympiad Women 2022"]
[Site "Chennai"]
[Date "2022.08.05"]
[Round "7.69"]
[White "Estur, Grace Co"]
[Black "Johnson, Daijah"]
[Result "1-0"]
[WhiteElo "1472"]
[BlackElo "1480"]
[Annotator "NA RC"]
[PlyCount "101"]
[EventDate "2022.??.??"]
[TimeControl "60"]

1. d4 Nf6 2. b3 g6 3. Bb2 Bg7 4. Nd2 d5 5. e3 O-O 6. c4 c6 7. Bd3 Re8 8. Ne2 Nbd7 9. O-O e5 10. Rc1 e4 11. Bb1 Nf8 12. h3 Bd7 13. Nf4 Ne6 14. Ne2 Kh8 15.
b4 a6 16. Qb3 Rc8 17. Nc3 Nc7 18. Na4 b5 19. cxb5 Nxb5 20. Nc5 Nc7 21. Nxd7 Qxd7 22. Rc2 Nb5 23. a4 Na7 24. Rfc1 Rb8 25. Qc3 Bf8 26. Ba3 Bd6 27. Nb3 Qe7 28. Nc5 Bxc5 29. dxc5 Kg8 30. Bb2 Kg7 31. Rf1 Qd8 32. Rd2 Re6 33. f3 Kf8 34. Rdf2 Rb7 35. Qd4 Ke8 36. fxe4 Ng8 37. Qh8 Kd7 38. exd5 cxd5 39. Rxf7+ Kc6 40. Rxb7 Kxb7 41. Qxh7+ Re7 42. Qxg6 Rxe3 43. Rf7+ Re7 44. Rxe7+ Nxe7 45.
Qe6 d4 46. Qb6+ Qxb6 47. cxb6 Kxb6 48. Bxd4+ Kb7 49. Be4+ Nec6 50. Bxa7 Kxa7 51. Bxc6 1-0

[Event "44th Chess Olympiad Women 2022"]
[Site "Chennai"]
[Date "2022.08.05"]
[Round "7.69"]
[White "Ollet, Myra"]
[Black "Pinder, Trinity"]
[Result "0-1"]
[WhiteElo "1480"]
[BlackElo "1183"]
[Annotator "NA RC"]
[PlyCount "122"]
[EventDate "2022.??.??"]
[TimeControl "60"]

1. d4 d5 2. Bf4 c5 3. c3 Nc6 4. e3 cxd4 5. cxd4 Nf6 6. Nd2 e6 7. a3 Bd6 8. Bg3 O-O 9. Ngf3 b6 10. Bb5 Bb7 11. Ne5 Bxe5 12. dxe5 Ne4 13. Bxc6 Bxc6 14. Nb3 Ba4 15. Qd3 Nc5 16. Nxc5 bxc5 17. O-O Qb6 18. Qd2 Rfd8 19. Bh4 Rd7 20. b4 c4 21. Qc3 Rc8 22. f4 d4 23. exd4 Qxd4+ 24. Qxd4 Rxd4 25. Be7 c3 26. Bc5 Rd7 27. Bd6 f6 28. Kf2 g5 29. g3 Rc4 30.
Ke3 c2 31. Rfc1 gxf4+ 32. gxf4 f5 33. Rg1+ Rg7 34. Rxg7+ Kxg7 35. Rg1+ Kf7 36. Rc1 Rc3+ 37. Kd4 Rxa3 38. b5 Ra2 39. Bb4 Bxb5 40. Bd2 Ba4 41. Kc3 a5 42. Re1 Ra3+ 43. Kb2 Rd3 44. Kc1 Bb3 45. Re3 Rxe3 46. Bxe3 a4 47. Bc5 Kg6 48. Ba3 Kh5 49. Kd2 Kg4 50. Ke3 h5 51. Bc1 Kh3 52. Kf3 Kxh2 53. Ba3 h4 54. Bc1 Kg1 55. Be3+ Kf1 56. Bc1 Ke1 57. Kg2 Kd1 58. Ba3 c1=Q 59. Bxc1 Kxc1 60. Kh3 a3 61. Kxh4 a2 0-1

[Event "44th Chess Olympiad Women 2022"]
[Site "Chennai"]
[Date "2022.08.05"]
[Round "7.70"]
[White "Roberts, Tallulah"]
[Black "Martins, Katlene Jussara"]
[Result "1-0"]
[WhiteElo "1536"]
[BlackElo "1287"]
[Annotator "NA"]
[PlyCount "83"]
[EventDate "2022.??.??"]
[TimeControl "60"]

1. c4 e5 2. g3 Nf6 3. Bg2 Bb4 4. a3 Bc5 5. e3 O-O 6. Nc3 d6 7. Nge2 Be6 8.
Bxb7 Nbd7 9. d4 Bb6 10. Bxa8 Qxa8 11. d5 Bh3 12. Qc2 c6 13. Rg1 cxd5 14. Nxd5 Nxd5 15. cxd5 Qxd5 16. Nc3 Qe6 17. Bd2 Nf6 18. O-O-O Rc8 19. Qa4 Bf5 20. f3 Qa2 21. e4 Nd5 22. Qe8+ Rxe8 23. Nxa2 Bxg1 24. Rxg1 Ne7 25. exf5 Nxf5 26.
Nc3 Nd4 27. Rf1 Nb3+ 28. Kc2 Nd4+ 29. Kd3 Re6 30. f4 Rf6 31. Ne4 Re6 32. fxe5 dxe5 33. Rc1 g6 34. Bh6 Re8 35. Nf6+ Kh8 36. Nxe8 Nf5 37. Be3 Kg8 38. Rc8 Ne7 39. Ra8 h5 40. Bg5 Kf8 41. Bh6+ Kg8 42. Nf6# 1-0

[Event "44th Chess Olympiad Women 2022"]
[Site "Chennai"]
[Date "2022.08.05"]
[Round "7.71"]
[White "Alazmi, Amani"]
[Black "Magne Kouokam Sylviane"]
[Result "1-0"]
[WhiteElo "1506"]
[BlackElo "1317"]
[Annotator "NA"]
[PlyCount "165"]
[EventDate "2022.??.??"]
[TimeControl "60"]

1. e4 d5 2. exd5 Nf6 3. Bb5+ Bd7 4. Bc4 c6 5. Nc3 Bg4 6. f3 Bh5 7. dxc6 Nxc6 8. Bb5 a6 9. Bxc6+ bxc6 10. Nge2 Qb6 11. d4 Rd8 12. b3 e6 13. Be3 Bb4 14. O-O O-O 15. Na4 Qa7 16. c3 Nd5 17. Bf2 Bd6 18.
c4 Nf6 19. Qc2 Bg6 20. Qc1 Qb8 21. g3 Bh5 22. Be1 e5 23. Nac3 exd4 24. Nxd4 Bc5 25. Nce2 Bxd4+ 26. Nxd4 Rxd4 27. Bc3 Rd6 28.
Kh1 c5 29. Be5 Rfd8 30. Bxd6 Rxd6 31. Qg5 Qb7 32. Qe3 Re6 33. Qd3 Qd7 34. Qxd7 Nxd7 35. Rad1 Re7 36. g4 Bg6 37. Rd5 h6 38. Rfd1 Ne5 39. Re1 f6 40. f4 Nc6 41. Rxe7 Nxe7 42. Rxc5 Be4+ 43. Kg1 Nc6 44. Kf2 Kf7 45. Ke3 Bh1 46. g5 Nb4 47. gxh6 gxh6 48. Ra5 Kg6 49. a3 Nc2+ 50. Kd3 Ne1+ 51. Ke2 Nf3 52. Rxa6 Nd4+ 53. Kd3 Nxb3 54. Kc3 Nc5 55. Ra5 Nb7 56. Rb5 Nd6 57. Rb1 Be4 58. Rd1 Nf5 59. c5 Bc6 60. Kb4 Ne3 61. Rd6 Bf3 62. c6 Nd5+ 63. Kc5 Ne7 64. c7 Nc8 65. Rd8 Bg4 66. a4 Kf7 67. a5 Ke7 68.
a6 Na7 69. Kb6 Nc8+ 70. Kb7 Nd6+ 71. Kb8 Nb5 72. c8=Q Bxc8 73. Rxc8 Kd7 74. Rh8 Ke7 75. Rxh6 Kf7 76. Rh5 Nd6 77. a7 Kg6 78. Rc5 Ne4 79. Ra5 Nf2 80. a8=Q Ng4 81. Qe4+ Kh6 82. Qf5 Ne3 83. Qxf6+ 1-0

[Event "44th Chess Olympiad Women 2022"]
[Site "Chennai"]
[Date "2022.08.05"]
[Round "7.71"]
[White "Tchouateu Tankeu Stephanie"]
[Black "Nema, Rabab Ahmed"]
[Result "0-1"]
[WhiteElo "1280"]
[BlackElo "1172"]
[Annotator "NA RC"]
[PlyCount "108"]
[EventDate "2022.??.??"]
[TimeControl "60"]

1. d4 Nf6 2. c4 g6 3. Nc3 Bg7 4. e4 d6 5. Nf3 O-O 6. Be2 Nbd7 7. O-O e5 8.
dxe5 Nxe5 9. Bg5 h6 10. Bh4 Qe8 11. h3 g5 12. Nxe5 Qxe5 13.
Bg3 Qc5 14. Na4 Qc6 15. e5 dxe5 16. Bxe5 Re8 17. Bg3 Rxe2 18. Qxe2 Qxa4 19. Bxc7 Be6 20. b3 Qc6 21. Be5 Rd8 22. Rad1 Rd7 23. Rxd7 Nxd7 24. Bxg7 Kxg7 25. Rd1 Qc7 26. Rd3 Ne5 27. Rg3 Ng6 28. Qb2+ Kh7 29. Qd4 Nf4 30. Qe4+ Kh8 31. Qd4+ Kh7 32. Re3 Qc6 33. Qe4+ Qxe4 34. Rxe4 Kg6 35. Kh2 Kf6 36. c5 Bd5 37. Ra4 a6 38. f3 Ke5 39. Kg3 Bc6 40. Rb4 Kd5 41. Kg4 Kxc5 42. a3 b5 43. Re4 Bxe4 44. fxe4 Nxg2 45. Kf5 Nf4 46. Kf6 Nxh3 47. Kxf7 Kd4 48. Kg6 g4 49. Kh5 g3 50. Kg4 g2 51. Kxh3 g1=Q 52. Kh4 Kxe4 53. a4 Kf4 54. Kh5 Qg5# 0-1